 Dungeon Crawl Stone Soup version 0.26.1-2-gb8aa6d0cf2 (webtiles) character file.

Game seed: 17110023525035943051

1781 DearestLeader the Merchant of Misery (level 8, -3/48 (54) HPs)
             Began as a Demonspawn Necromancer on Feb 12, 2021.
             Was a Believer of Kikubaaqudgha.
             Slain by a wight
             ... wielding a cursed +5 battleaxe
              (10 damage)
             ... on level 7 of the Dungeon on Feb 14, 2021.
             The game lasted 00:19:20 (6272 turns).

DearestLeader the Merchant of Misery (DsNe)         Turns: 6272, Time: 00:19:20

HP:   -3/48 (54)    AC: 11    Str:  8    XL:     8   Next: 81%
MP:   11/11         EV: 10    Int: 19    God:    Kikubaaqudgha [**....]
Gold: 155           SH:  0    Dex: 14    Spells: 2/11 levels left

rFire    . . .     SeeInvis .   b - +2 whip (venom)
rCold    + . .     Faith    .   (no shield)
rNeg     + . .     Spirit   .   x - +2 ring mail {rC+}
rPois    .         Reflect  .   m - +0 helmet
rElec    .         Harm     .   B - +0 cloak
rCorr    .         Rampage  .   g - +0 pair of gloves
Will     .....                  (no boots)
Stlth    +.........             p - amulet of regeneration
HPRegen  0.56/turn              (no ring)
MPRegen  0.12/turn              t - ring of positive energy

@: heavily drained
A: claws 1, hooves 1, demonic guardian 1, foul stench 1, miasma immunity
a: Renounce Religion, Receive Corpses


You were on level 7 of the Dungeon.
You worshipped Kikubaaqudgha.
Kikubaaqudgha was pleased with you.
You visited 1 branch of the dungeon, and saw 7 of its levels.

You collected 225 gold pieces.
You spent 70 gold pieces at shops.

Inventory:

Hand Weapons
 b - a +2 whip of venom (weapon)
 f - a +1 flail of protection
Armour
 g - a +0 pair of gloves (worn)
 m - a +0 helmet (worn)
 x - a +2 ring mail of cold resistance (worn)
 B - a +0 cloak (worn)
Magical Staves
 r - an uncursed staff of air
Jewellery
 d - an uncursed amulet of reflection
 e - an uncursed ring of ice
 p - an amulet of regeneration (around neck)
 t - a ring of positive energy (right hand)
Wands
 n - a wand of enslavement (5)
Scrolls
 c - 5 scrolls of teleportation
 q - a scroll of enchant armour
 s - a scroll of identify
 w - 2 scrolls of remove curse
 y - a scroll of enchant weapon
 A - a scroll of magic mapping
 C - a scroll of blinking {unknown}
Potions
 a - 2 potions of ambrosia
 h - 3 potions of curing
 i - a potion of magic {unknown}
 j - 2 potions of heal wounds
 k - a potion of mutation {unknown}
 l - 2 potions of haste
 o - a potion of flight
 v - a potion of might {unknown}
 z - a potion of lignification {unknown}


   Skills:
 + Level 1.0 Fighting
 - Level 2.0 Maces & Flails
 + Level 4.3 Armour
 - Level 2.0 Dodging
 - Level 1.7 Stealth
 * Level 5.4 Unarmed Combat
 - Level 2.0 Spellcasting
 * Level 9.4 Necromancy


You had 2 spell levels left.
You knew the following spells:

 Your Spells              Type           Power        Failure   Level
a - Pain                  Necr           100%         1%          1
b - Animate Skeleton      Necr           74%          1%          1
c - Vampiric Draining     Necr           18%          3%          3
d - Animate Dead          Necr           18%          10%         4

Your spell library contained the following spells:

 Spells                   Type           Power        Failure   Level
 Sublimation of Blood     Necr           18%          1%          2
 Corpse Rot               Necr/Air       N/A          11%         2
 Apportation              Tloc           2%           43%         1
 Corona                   Hex            1%           43%         1
 Magic Dart               Conj           4%           43%         1
 Summon Small Mammal      Summ           4%           43%         1
 Ensorcelled Hibernation  Hex/Ice        2%           56%         2
 Agony                    Necr           37%          26%         5
 Confusing Touch          Hex            1%           80%         3
 Dazzling Flash           Conj/Hex       2%           80%         3
 Gell's Gravitas          Tloc           0%           80%         3
 Tukima's Dance           Hex            1%           80%         3
 Petrify                  Tmut/Erth      1%           99%         4
 Metabolic Englaciation   Hex/Ice        0%           100%        5
 Yara's Violent Unravell  Hex/Tmut       0%           100%        5


Dungeon Overview and Level Annotations

Branches:
Dungeon (7/15)             Temple (0/1) D:6

Altars:
Cheibriados
Kikubaaqudgha
Okawaru
Qazlal
Ru
Sif Muna
Uskayaw
Vehumet
Yredelemnul

Shops:
D:6 ?


Innate Abilities, Weirdness & Mutations

You have sharp fingernails.
You have large cloven feet.
A weak demonic guardian rushes to your aid.
You may emit foul miasma when damaged in melee.
You are immune to miasma.


Message History

You hit the wight but do no damage.
The wight is severely damaged.
You closely miss the wight.
The wight is severely damaged.
The wight hits you with a cursed +5 battleaxe!
* * * LOW HITPOINT WARNING * * *
You partially resist.
You feel drained.
You hit the wight. Your kick misses the wight. Your punch misses the wight.
The wight is almost destroyed.
The wight closely misses you.
You hit the wight but do no damage. You kick the wight.
The wight is almost destroyed.
The wight hits you but does no damage.
You closely miss the wight.
The wight is almost destroyed.
You hit the wight but do no damage. You kick the wight, but do no damage.
The wight is almost destroyed.
The wight hits you with a cursed +5 battleaxe!
You die...
Kikubaaqudgha rasps: "You have failed me!
Welcome... death!"

# #.......# #....... # #.......#
#....... #
#.......##########....... #
########..#.#......).#### #
#.........'...#......# #
#.........#...#......# #
#.......(.#...#......# #
#.......(.#...#......# #
#.......@.#...#......# #
#.......z.#...'......# #
#.........#...#......#
##############...###..#......#
.............###'###..########
.............'.........#
.............#.........#.........
.............#.........# ?.......
.............#.........# (......


You could see a wight.

Vanquished Creatures
  Sigmund (D:2)
  Edmund (D:4)
  An orc warrior (D:6)
  An ice beast (D:7)
  2 ogres
  4 scorpions
  A wyvern skeleton (D:6)
  A wight (D:6)
  2 quasits (D:5)
  2 jellies (D:6)
  A hound (D:5)
  4 orc priests
  2 bullfrog skeletons
  An iguana (D:6)
  5 orc wizards
  4 worker ants
  A hound zombie (D:7)
  Robin (D:2)
  3 gnolls (D:3)
  11 adders
  A white imp (D:5)
  2 ufetubi (D:5)
  2 oozes (D:2)
  2 worms
  A dart slug (D:3)
  A leopard gecko (D:2)
  20 orcs
  5 ball pythons (D:3)
  3 bats
  8 giant cockroaches
  12 goblins
  10 hobgoblins
  6 jackals
  8 kobolds
  A quokka (D:2)
  5 frilled lizards
  A jackal skeleton (D:4)
  A leopard gecko skeleton (D:4)
  5 rats
143 creatures vanquished.

Vanquished Creatures (collateral kills)
  An ogre (D:4)
  A scorpion (D:6)
  2 orc priests
  2 orc wizards
  5 orcs
  2 hobgoblins
13 creatures vanquished.

Vanquished Creatures (others)
  3 plants
3 creatures vanquished.

Grand Total: 159 creatures vanquished

Notes
Turn   | Place    | Note
-------+----------+-------------------------------------------
     0 | D:1      | DearestLeader the Demonspawn Necromancer began the quest
                  | for the Orb.
     0 | D:1      | Reached XP level 1. HP: 13/13 MP: 3/3
    26 | D:1      | Learned a level 1 spell: Animate Skeleton
   504 | D:1      | Gained mutation: A weak demonic guardian rushes to your
                  | aid. [demonic ancestry]
   504 | D:1      | Reached XP level 2. HP: 19/19 MP: 5/5
   514 | D:1      | Reached skill level 5 in Necromancy
  1120 | D:2      | Gained mutation: You have sharp fingernails. [demonic
                  | ancestry]
  1120 | D:2      | Reached XP level 3. HP: 15/24 MP: 0/6
  1618 | D:2      | Noticed Sigmund
  1626 | D:2      | Killed Sigmund
  1627 | D:2      | Reached skill level 1 in Maces & Flails
  1627 | D:2      | Reached skill level 1 in Armour
  1627 | D:2      | Reached skill level 6 in Necromancy
  1627 | D:2      | Reached XP level 4. HP: 21/30 MP: 1/7
  1627 | D:2      | Gained mutation: You are immune to miasma. [demonic
                  | ancestry]
  1627 | D:2      | Reached XP level 5. HP: 25/35 MP: 1/8
  1721 | D:2      | Learned a level 3 spell: Vampiric Draining
  1999 | D:2      | Noticed Robin
  2055 | D:2      | Killed Robin
  2181 | D:2      | Found an ancient bone altar of Kikubaaqudgha.
  2182 | D:2      | Found a shimmering blue altar of Sif Muna.
  2185 | D:2      | Found a radiant altar of Vehumet.
  2189 | D:2      | Identified Vehumet's Reference Book on Combat Magic
  2201 | D:2      | Became a worshipper of Kikubaaqudgha
  2292 | D:3      | Gained mutation: You have large cloven feet. [demonic
                  | ancestry]
  2292 | D:3      | Reached XP level 6. HP: 19/41 MP: 5/9
  2646 | D:3      | Reached skill level 1 in Unarmed Combat
  2742 | D:3      | Learned a level 4 spell: Animate Dead
  2806 | D:3      | Found a stormy altar of Qazlal.
  3102 | D:3      | Reached * piety under Kikubaaqudgha
  3102 | D:3      | Identified Kikubaaqudgha's Catalogue of Darkness
                  | (Kikubaaqudgha gifted it to you on level 3 of the Dungeon)
  3102 | D:3      | Received a gift from Kikubaaqudgha
  3440 | D:4      | Reached skill level 7 in Necromancy
  3626 | D:4      | Found a sacrificial altar of Ru.
  3635 | D:4      | Noticed Edmund
  3665 | D:4      | Killed Edmund
  3666 | D:4      | Reached XP level 7. HP: 32/46 MP: 4/10
  4051 | D:5      | Entered Level 5 of the Dungeon
  4219 | D:5      | Reached skill level 8 in Necromancy
  4284 | D:5      | Found an iron altar of Okawaru.
  4289 | D:5      | Found a basalt altar of Yredelemnul.
  4289 | D:5      | Found a hide-covered altar of Uskayaw.
  4302 | D:5      | Found a sacrificial altar of Ru.
  4305 | D:5      | Found a snail-covered altar of Cheibriados.
  4364 | D:5      | Reached ** piety under Kikubaaqudgha
  4439 | D:5      | Gained mutation: You may emit foul miasma when damaged in
                  | melee. [demonic ancestry]
  4439 | D:5      | Reached XP level 8. HP: 33/52 MP: 9/11
  5243 | D:6      | Reached skill level 9 in Necromancy
  5440 | D:6      | Found a staircase to the Ecumenical Temple.
  5479 | D:6      | Reached skill level 5 in Unarmed Combat
  5532 | D:6      | Found Zavufe's Magic Scroll Emporium.
  5535 | D:6      | Bought a scroll of remove curse for 42 gold pieces
  5535 | D:6      | Bought a scroll of identify for 28 gold pieces
  6235 | D:7      | Reached skill level 1 in Fighting
  6272 | D:7      | Slain by a wight

Illustrated notes

Levels and vault maps discovered:
D:1:      dpeg_arrival_short_road, layout_basic
D:2:      layout_rooms, grunt_temple_overflow_magic_moments,
          serial_bayou_crossing, uniq_robin, uniq_sigmund
D:3:      layout_basic, lemuel_crystal_altar, hex_medium, grunt_decor_arrowhead,
          st_stairs_13, minmay_shallow_snake_nest
D:4:      layout_rooms, hangedman_ru_absence, uniq_edmund
D:5:      layout_cave_pools, minmay_overflow_temple_star_hex, chequers_big_river
D:6:      layout_loops_ring, minmay_temple_entry_enclosed_plants, serial_shops,
          kennysheep_mini
D:7:      layout_gridville

Skill      XL: |  1  2  3  4  5  6  7  8 |
---------------+-------------------------+-----
Necromancy     | 5 6 7 8 9 |  9.4
Dodging        | 2 |  2.0
Maces & Flails | 1 2 |  2.0
Armour         | 1 2 3 4 |  4.3
Unarmed Combat | 2 3 5 |  5.4
Fighting       | 1 |  1.0
Stealth        | |  1.7
Spellcasting   | |  2.0

Action                   |  1- 3 |  4- 6 |  7- 9 || total
-------------------------+-------+-------+-------++-------
Melee: Whip              |    62 |   140 |   212 ||   414
       Punch             |       |     1 |     4 ||     5
       Kick              |       |    24 |    49 ||    73
 Cast: Pain              |    22 |    48 |    23 ||    93
       Animate Skeleton  |     8 |    12 |     3 ||    23
       Animate Dead      |       |       |     3 ||     3
  Use: Potion            |       |     1 |       ||     1
       Scroll            |       |       |     9 ||     9
 Stab: Sleeping          |     1 |       |       ||     1
Armor: Robe              |     3 |       |       ||     3
       Ring mail         |    17 |    79 |   118 ||   214
Dodge: Dodged            |    40 |   104 |   126 ||   270
Block: Other             |    15 |    19 |       ||    34
       Reflection        |       |     1 |       ||     1
